 BcadrenCrawl: Boulder Brew version 0.06-240-gf756cca71e (webtiles) character file.

Game seed: 10257495489653237462, levelgen mode: deterministic

203 gruber the Chopper (level 5, -2/45 HPs) Minotaur Fighter. Began on Aug 13, 2022. Splashed by a jelly's acid (3 damage) ... on level 2 of the Dungeon. The game lasted 00:01:17 (589 turns).

gruber the Chopper (Minotaur Fighter)                Turns: 589, Time: 00:01:18

Health: -2/45      AC:  6    Str: 21    XL:     5 ^: 89
Magic:  4/4        EV:  8    Int:  5    God:
Gold:   79         SH:  7    Dex: 10    Spells: 4/4 levels left

rFire    . . .     Slash    .   a - +0 war axe
rCold    . . .     Pierce   .   c - +0 heater shield
rNeg     . . .     Bludgeon .   b - +0 scale mail
rCorr    . . .     Vision   .   (helmet restricted)
rPois    .         Gourm    .   (no cloak)
rElec    .         Faith    .   (no gloves)
MR       .....     Spirit   .   (no boots)
HPRegen  0.25/turn Reflect  .   (no amulet)
MPRegen  0.14/turn Harm     .   (no ring)
Stlth    ..........             (no ring)

@: no status effects
A: horns, retaliatory headbutt 2, soft flesh
a: no special abilities


You were on level 2 of the Dungeon.
You were not hungry.

You visited 1 branch of the dungeon, and saw 2 of its levels.

You collected 79 gold pieces.

Inventory:

Weapons
 a - a +0 war axe (weapon)
 h - a +4 spear Shields
 c - a +0 heater shield (shield)
Armour
 b - a +0 scale mail (worn)
Scrolls
 e - a scroll of fog
 g - a scroll of teleportation
Potions
 d - a potion of might
Comestibles
 f - 4 rations


   Skills:
 - Level 3.6 Fighting
 + Level 7.1 Axes & Hammers
 - Level 3.6 Armour
 - Level 3.6 Shields


You had 4 spell levels left.
You didn't know any spells.
Your spell library was empty.

Dungeon Overview and Level Annotations

Branches:
Dungeon (2/8)

Altars:
The Shining One


Innate Abilities, Weirdness & Mutations

You reflexively attack those that strike you in melee with your horns.
((Your soft flesh is weak to deep cuts.
Heavy manmade armour will nullify this weakness. (rSlashing-)))


Message History

* * * LOW HITPOINT WARNING * * *
The jelly is lightly wounded. (14/16) HP You hit the sewer rat but do no damage.
You hear a slurping noise.
The jelly hits you but does no damage.
The sewer rat bites you but does no damage.
You block the sewer rat's attack. The jelly hits you but does no damage.
Unknown command.
Unknown command.
You hit the jelly (4).
It resists.
Your hands burn (3).
* * * LOW HITPOINT WARNING * * *
You headbutt the jelly (10)!
The jelly is severely wounded. (8/22) HP You hit the sewer rat (3).
It is lacerated severely!
The jelly hits you but does no damage. You block the sewer rat's attack.
Unknown command.
Unknown command.
Unknown command.
You hit the jelly (2).
It resists.
Your hands burn (3).
You die...

≈≈...≈≈.≈≈
≈≈.≈...J≈≈
≈rr≈.≈≈≈≈
..≈≈$≈≈≈≈ ##
#.≈rPr≈≈. #.
#≈.P≈P≈≈. ##.
#.≈≈P≈≈P.
#..#####.≈≈≈≈≈≈%
#.≈..@J..≈≈≈≈≈≈.
##..††r≈≈≈≈≈≈≈≈.
#######≈..≈≈≈≈.
#.≈..≈≈≈.
#≈≈≈.≈≈≈≈
#≈≈≈≈≈?≈≈
#≈≈≈≈≈≈≈≈
≈≈≈≈≈≈≈


You could see a jelly and a sewer rat.

Vanquished Creatures
  7 giant cockroaches
  8 sewer rats (D:2)
  A worm (D:1)
  2 dart slugs (D:1)
  2 bats (D:1)
  4 goblins (D:1)
  3 hobgoblins (D:1)
  2 kobolds (D:1)
  3 rats (D:1)
32 creatures vanquished.

Vanquished Creatures (others)
  4 withered plants (D:2)
4 creatures vanquished.

Grand Total: 36 creatures vanquished

Notes
Turn   | Place    | Note
-------+----------+-------------------------------------------
     0 | D:1      | gruber the Minotaur Fighter began the quest for the Orb.
     0 | D:1      | Reached XP level 1. HP: 19/19 MP: 0/0
    69 | D:1      | Reached skill level 3 in Axes & Hammers
    69 | D:1      | Reached XP level 2. HP: 26/26 MP: 1/1
    96 | D:1      | Reached skill level 4 in Axes & Hammers
    96 | D:1      | Reached XP level 3. HP: 31/31 MP: 2/2
   107 | D:1      | Reached skill level 5 in Axes & Hammers
   156 | D:1      | Found a glowing golden altar of the Shining One.
   224 | D:1      | Reached XP level 4. HP: 39/39 MP: 3/3
   367 | D:1      | Reached skill level 6 in Axes & Hammers
   559 | D:2      | Reached XP level 5. HP: 29/45 MP: 4/4
   586 | D:2      | Reached skill level 7 in Axes & Hammers
   588 | D:2      | HP: 1/45 [acid (3)]
   589 | D:2      | Splashed by a jelly's acid

Levels and vault maps discovered:
D:1:      matt_arrival_los_fun, layout_rooms, tso_altar, gup_sewer_entry_bowl
D:2:      layout_sewer, lemuel_crystal_altar

Skill      XL: |  1  2  3  4  5 |
---------------+----------------+-----
Axes & Hammers | 3 4 5 6 7 |  7.1
Fighting       | |  3.6
Armour         | |  3.6
Shields        | |  3.6

Action                   |  1- 3 |  4- 6 || total
-------------------------+-------+-------++-------
Melee: War axe           |    21 |    25 ||    46
       Headbutt          |     1 |     3 ||     4
       Spear             |       |    11 ||    11
Armor: Scale mail        |    15 |    17 ||    32
Dodge: Dodged            |     6 |     8 ||    14
Block: Heater shield     |     6 |    17 ||    23
